 Dungeon Crawl Stone Soup version 0.21.1-35-gfefc1aa2bb (webtiles) character file.

51 Pisosu the Magician (level 3, -7/24 HPs)
             Began as a Mummy Fire Elementalist on Aug 1, 2018.
             Mangled by Robin
             ... wielding a +0 mace
              (10 damage)
             ... on level 3 of the Dungeon.
             The game lasted 00:05:26 (2985 turns).

Pisosu the Magician (Mummy Fire Elementalist)       Turns: 2985, Time: 00:05:27

Health: -7/24      AC:  2    Str: 11    XL:     3   Next: 57%
Magic:  0/8        EV: 12    Int: 15    God:
Gold:   100        SH:  0    Dex: 12    Spells: 6/9 levels left

rFire    x . .     SeeInvis .   f - +0 dagger (venom)
rCold    + . .     Gourm    .   (no shield)
rNeg     + + +     Faith    .   c - +0 robe
rPois    ∞         Spirit   .   (no helmet)
rElec    .         Reflect  .   (no cloak)
rCorr    .         Harm     .   (no gloves)
MR       .....                  (no boots)
Stlth    ++........             (no amulet)
HPRegen  0.08/turn              (no ring)
MPRegen  0.11/turn              (no ring)

@: about to teleport, very slightly contaminated
A: no food or potions, fire vulnerability, cold resistance 1, negative energy
resistance 3, torment resistance, unbreathing
a: no special abilities


You were on level 3 of the Dungeon.
You were not hungry.

You visited 1 branch of the dungeon, and saw 3 of its levels.

You collected 100 gold pieces.

Inventory:

Hand Weapons
 f - a +0 dagger of venom (weapon)
Armour
 a - a +0 robe
 c - a +0 robe (worn)
Scrolls
 d - a scroll of teleportation
 e - a scroll of immolation {unknown}
 g - 2 scrolls of enchant weapon {unknown}
 h - a scroll of remove curse {unknown}
Books
 b - a book of Flames

   Spells                             Type                      Level
   a - Flame Tongue                   Conjuration/Fire             1
   b - Throw Flame                    Conjuration/Fire             2
   c - Conjure Flame                  Conjuration/Fire             3
   d - Inner Flame                    Hexes/Fire                   3
   e - Sticky Flame                   Conjuration/Fire             4
   f - Fireball                       Conjuration/Fire             5


   Skills:
 - Level 1.5 Dodging
 - Level 1.5 Stealth
 + Level 3.6 Spellcasting
 + Level 1.1 Conjurations
 + Level 3.2 Fire Magic


You had 6 spell levels left.
You knew the following spells:

 Your Spells              Type           Power        Failure   Level  Hunger
a - Flame Tongue          Conj/Fire      #....        8%          1    N/A
b - Throw Flame           Conj/Fire      #.....       12%         2    N/A

Dungeon Overview and Level Annotations

Branches:
Dungeon (3/15)

Altars:

Annotations:
D:3 Robin


Innate Abilities, Weirdness & Mutations

You do not eat or drink.
Your flesh is vulnerable to fire.
You are immune to poison.
Your flesh is cold resistant. (rC+)
You are immune to negative energy. (rN+++)
You are immune to unholy pain and torment.
You can survive without breathing.


Message History

The flame tongue misses Robin.
Casting: Flame Tongue
Confirm with . or Enter, or press ? or * to list all spells.
Aiming: Flame Tongue
Press: ? - help, Shift-Dir - straight line, f/p - Robin
Aim: Robin, wielding a mace, wearing an animal skin and wearing a shiny helmet (moderately wounded)
The flame tongue misses Robin.
Robin says, "Duck!"
Robin hits you with a mace.
* * * LOW HITPOINT WARNING * * *
Casting: Flame Tongue
Confirm with . or Enter, or press ? or * to list all spells.
Aiming: Flame Tongue
Press: ? - help, Shift-Dir - straight line, f/p - Robin
Aim: Robin, wielding a mace, wearing an animal skin and wearing a shiny helmet (moderately wounded)
You miscast Flame Tongue.
Nothing appears to happen.
Robin closely misses you.
As you read the scroll labeled YKKAIK KYSMIS, it crumbles to dust.
You feel strangely unstable.
It was a scroll of teleportation.
Robin hits you with a mace!
You die...

. .#
####### ..
....... #.
....... #.
....... #.
.......
#.#.......
#g@.......
#.#.......
#. .......
.. ....(..
...
.######
##.. ##
... ##.


You could see Robin.

Vanquished Creatures
  An ooze (D:2)
  A leopard gecko (D:2)
  6 giant cockroaches
  9 goblins
  7 hobgoblins
  A ball python (D:1)
  6 bats
  A frilled lizard (D:1)
  5 kobolds
  2 rats (D:1)
39 creatures vanquished.

Notes
Turn   | Place    | Note
-------+----------+-------------------------------------------
     0 | D:1      | Pisosu the Mummy Fire Elementalist began the quest for the Orb.
     0 | D:1      | Reached XP level 1. HP: 13/13 MP: 4/4
  1069 | D:1      | Reached XP level 2. HP: 19/19 MP: 6/6
  1804 | D:1      | Learned a level 2 spell: Throw Flame
  2042 | D:2      | Reached skill level 1 in Conjurations
  2224 | D:2      | Reached XP level 3. HP: 6/24 MP: 0/7
  2595 | D:2      | Found a faded altar of an unknown god.
  2904 | D:2      | Noticed Robin
  2985 | D:3      | Mangled by Robin

Skill      XL: |  1  2 |
---------------+-------+-----
Spellcasting   | 3 |  3.6
Conjurations   | 1 |  1.1
Fire Magic     | 3 |  3.2
Dodging        | |  1.5
Stealth        | |  1.5

Action                   || total
-------------------------++-------
Melee: Dagger            ||    40
 Cast: Flame Tongue      ||    31
       Throw Flame       ||    19
  Use: Scroll            ||     1
Armor: Robe              ||    14
Dodge: Dodged            ||    57
